 Dungeon Crawl Stone Soup version 0.27-a0-1105-g946c659c87 (webtiles) character file.

Game seed: 9321149744677525774

763 DogServant the Magician (level 7, -1/52 HPs)
             Began as a Djinni Ice Elementalist on Apr 29, 2021.
             Slain by a wight
             ... wielding a +0 falchion
              (9 damage)
             ... on level 7 of the Dungeon.
             The game lasted 00:09:47 (6000 turns).

DogServant the Magician (Djinni Ice Elementalist)   Turns: 6000, Time: 00:09:48

Health: -1/52      AC: 11    Str:  8    XL:     7   Next: 81%
Gold:   233        EV: 13    Int: 18    God:
                   SH:  0    Dex: 13

rFire    + + .     SeeInvis .   p - +0 long sword
rCold    x . .     Faith    .   (no shield)
rNeg     . . .     Spirit   .   a - +0 robe
rPois    ∞         Reflect  .   i - +0 helmet
rElec    .         Harm     .   (no cloak)
rCorr    +         Rampage  .   d - +0 pair of gloves
Will     .....                  (boots unavailable)
Stlth    ++........             (no amulet)
HPRegen  0.17/turn              n - ring of resist corrosion
MPRegen  0.00/turn              (no ring)

@: ice-armoured, freezing walls, flying
A: fire resistance 2, cold vulnerability 1, float, innate caster, hp casting,
extra vitality 1
a: no special abilities


You were on level 7 of the Dungeon.
You visited 1 branch of the dungeon, and saw 6 of its levels.

You collected 233 gold pieces.

Inventory:

Hand Weapons
 p - a +0 long sword (weapon)
Armour
 a - a +0 robe (worn)
 d - a +0 pair of gloves (worn)
 i - a +0 helmet (worn)
Jewellery
 n - a ring of resist corrosion (left hand)
Wands
 r - a wand of digging (8)
 s - a wand of flame (13)
Scrolls
 b - a scroll of magic mapping {unknown}
 c - a scroll of torment {unknown}
 g - 3 scrolls of teleportation
 h - 3 scrolls of fog {unknown}
 j - 2 scrolls of amnesia {unknown}
 k - a scroll of noise {unknown}
 m - a scroll of acquirement {unknown}
 o - a scroll of brand weapon {unknown}
Potions
 e - a potion of heal wounds
 f - a potion of resistance {unknown}
 l - a potion of cancellation {unknown}
 q - a potion of invisibility {unknown}


   Skills:
 - Level 4.0 Fighting
 + Level 2.5 Long Blades
 + Level 4.0 Dodging
 - Level 1.5 Stealth
 - Level 6.0 Spellcasting


You couldn't memorise any spells.
You knew the following spells:

 Your Spells              Type           Power      Damage    Failure   Level
a - Freeze                Ice            100%       1d11      1%          1
b - Frozen Ramparts       Ice            54%        1d7       3%          3
c - Ozocubu's Armour      Ice            27%        N/A       3%          3
d - Hailstorm             Conj/Ice       27%        3d7       10%         4
e - Metabolic Englaciati  Hex/Ice        13%        N/A       28%         5
f - Magic Dart            Conj           100%       1d8       1%          1
g - Poisonous Vapours     Pois/Air       54%        N/A       1%          2
h - Dazzling Flash        Conj/Hex       54%        N/A       3%          3
Your spell library was empty.

Dungeon Overview and Level Annotations

Branches:
Dungeon (7/15)
 Temple: D:4-7

Altars:
Nemelex Xobeh
Xom

Annotations:
D:2 exclusion: ice beast


Innate Abilities, Weirdness & Mutations

You are immune to poison.
Your flesh is very heat resistant. (rF++)
You are vulnerable to cold. (rC-)
You float through the air rather than walking.
You learn spells naturally, not from books.
Your magical power is your life essence.
You have superior vitality. (+4 HP)


Message History

Confirm with . or Enter, or press ? or * to list all spells.
Aiming: Poisonous Vapours (safe; 1% risk of failure)
Press: ? - help, Dir - move target, f - wight
Aim: a wight, wielding a +0 falchion and wearing a +0 robe The wight cannot be affected by poisonous vapours!
Casting: Poisonous Vapours (safe; 1% risk of failure)
Confirm with . or Enter, or press ? or * to list all spells.
A film of ice covers your body!
Casting: Ozocubu's Armour (dangerous; 3% risk of failure)
Confirm with . or Enter, or press ? or * to list all spells.
Your icy armour thickens.
Casting: Ozocubu's Armour (dangerous; 3% risk of failure)
Confirm with . or Enter, or press ? or * to list all spells.
Casting: Frozen Ramparts (dangerous; 3% risk of failure)
Press: ? - help, Dir - look around, f - activate The walls around you are covered in ice.
* * * LOW HITPOINT WARNING * * *
Casting: Frozen Ramparts (dangerous; 3% risk of failure)
Confirm with . or Enter, or press ? or * to list all spells.
Aiming: Magic Dart (safe; 1% risk of failure)
Press: ? - help, Shift-Dir - straight line, f - wight
Aim: a wight, wielding a +0 falchion and wearing a +0 robe (100% to hit)
The magic dart hits the wight!
The wight is moderately damaged.
* * * LOW HITPOINT WARNING * * *
The wight resists.
The wall freezes the wight.
You hit the wight.
The wight is severely damaged.
The wight resists.
The wall freezes the wight.
The wight barely misses you.
You closely miss the wight.
The wight is almost destroyed.
The wight completely resists.
The wall freezes the wight but does no damage.
The wight hits you with a +0 falchion!
* * * LOW HITPOINT WARNING * * *
You closely miss the wight.
The wight is almost destroyed.
The wight resists.
The wall freezes the wight.
The wight hits you with a +0 falchion!
You die...

.. ....#####......####
...##
..................
#...###...(............
#...###..............
.####
#..................
...###..#.....†.....##
#.##..##.....)#.##..#
##..#...z.######...#
##.....##### #@.#...#
...#..## #...z.##.#.#
##...## .......## # #
#<### ....... .>.....#
....... ...#####
....... #### .......
.......


You could see a wight.

Vanquished Creatures
  2 centaurs
  A bullfrog (D:6)
  A howler monkey (D:6)
  2 hounds
  4 orc priests
  3 iguanas
  2 orc wizards
  8 adders
  5 dart slugs
  10 orcs
  11 ball pythons
  8 bats
  4 endoplasms
  6 giant cockroaches
  7 goblins
  5 hobgoblins
  14 jackals
  7 kobolds
  2 quokkas
  4 frilled lizards
  5 rats
111 creatures vanquished.

Notes
Turn   | Place    | Note
-------+----------+-------------------------------------------
     0 | D:1      | DogServant the Djinni Ice Elementalist began the quest for
                  | the Orb.
     0 | D:1      | Reached XP level 1. HP: 15/15 MP: 0/0
    76 | D:1      | Reached XP level 2. HP: 12/21 MP: 0/0
   263 | D:1      | Reached skill level 4 in Spellcasting
   849 | D:1      | Reached XP level 3. HP: 23/26 MP: 0/0
   849 | D:1      | Learned a level 1 spell: Magic Dart
   851 | D:1      | Reached skill level 1 in Fighting
  1595 | D:2      | Reached XP level 4. HP: 24/33 MP: 0/0
  1877 | D:2      | Noticed an ice beast
  2570 | D:3      | Reached XP level 5. HP: 5/39 MP: 0/0
  2570 | D:3      | Learned a level 2 spell: Poisonous Vapours
  3278 | D:3      | Found a faded altar of an unknown god.
  3486 | D:3      | Found a shimmering altar of Xom.
  3527 | D:3      | Found a sparkling altar of Nemelex Xobeh.
  3815 | D:3      | Reached skill level 5 in Spellcasting
  3818 | D:3      | Reached XP level 6. HP: 22/46 MP: 0/0
  4850 | D:4      | You are sucked into a shaft and drop 2 floors!
  4855 | D:6      | Reached skill level 1 in Long Blades
  4855 | D:6      | Reached XP level 7. HP: 47/52 MP: 0/0
  4855 | D:6      | Learned a level 3 spell: Dazzling Flash
  5966 | D:7      | Reached skill level 6 in Spellcasting
  6000 | D:7      | Slain by a wight

Illustrated notes

Levels and vault maps discovered:
D:1:      dpeg_arrival_boxorama, layout_rooms
D:2:      layout_loops_cross, minmay_ruptured
D:3:      minmay_recursive_quarters, layout_loops_ring,
          gammafunk_temple_overflow_pools, hellmonk_ecumenical_altar_crossroads,
          grunt_ministairs_11
D:4:      layout_cave_pods, grunt_gozag_statues, amcnicky_altar_gilded,
          minmay_temple_entry_fiery, minmay_pentomino_pile
D:6:      layout_loops_ring
D:7:      layout_rooms, nicolae_benzene_ring, st_stairs_12,
          kennysheep_generic_room_9

Skill      XL: |  1  2  3  4  5  6  7 |
---------------+----------------------+-----
Spellcasting   | 4 5 6 |  6.0
Fighting       | 1 2 3 4 |  4.0
Long Blades    | 1 2 |  2.5
Dodging        | 3 4 |  4.0
Stealth        | |  1.5

Action                   |  1- 3 |  4- 6 |  7- 9 || total
-------------------------+-------+-------+-------++-------
Melee: Unarmed           |     2 |       |       ||     2
       Short sword       |    12 |    43 |       ||    55
       Dagger            |     9 |    17 |       ||    26
       Long sword        |       |    25 |    16 ||    41
 Cast: Freeze            |    31 |    12 |     5 ||    48
       Frozen Ramparts   |    10 |    32 |     8 ||    50
       Ozocubu's Armour  |       |     1 |     2 ||     3
       Dazzling Flash    |       |       |     2 ||     2
       Magic Dart        |       |       |     1 ||     1
  Use: Scroll            |       |     2 |       ||     2
 Stab: Sleeping          |     1 |     2 |       ||     3
Armor: Robe              |    16 |    24 |     4 ||    44
Dodge: Dodged            |    27 |    78 |    20 ||   125
       Rpst.: Long sword |       |     6 |     6 ||    12

Table legend: (Time is in decaauts)
 A = Elapsed time spent in this place.
 B = Non-inter-level travel time spent in this place.
 C = Inter-level travel time spent in this place.
 D = Time resting spent in this place.
 E = Time spent auto-exploring this place.
 F = Levels seen in this place.
 G = Mean time per level.
                   A        B        C        D        E       F      G
               +--------+--------+--------+--------+--------+-----+--------+
         Total |   6000 |   5831 |    169 |    520 |   4660 |   6 | 1000.0 |
       Dungeon |   6000 |   5831 |    169 |    520 |   4660 |   6 | 1000.0 |
               +--------+--------+--------+--------+--------+-----+--------+

Top non-repeatable levels by time:
     D:3: 1756 daAuts
     D:1: 1262 daAuts
     D:2: 1179 daAuts
     D:6: 1097 daAuts
     D:4: 647 daAuts
     D:7: 57 daAuts
